 Dungeon Crawl Stone Soup version 0.21-a0-216-g6d3fd91 (webtiles) character file.

4547 Gorglomux the Cleaver (level 10, -23/94 HPs)
             Began as a Hill Orc Earth Elementalist on Aug 23, 2017.
             Was a Priest of Beogh.
             Annihilated by a very large slime creature (40 damage)
             ... on level 9 of the Dungeon.
             The game lasted 00:20:36 (10076 turns).

Gorglomux the Cleaver (HOEE)                       Turns: 10076, Time: 00:20:37

Health: -23/94     AC: 21    Str: 15    XL:     10   Next: 40%
Magic:  0/12       EV: 10    Int: 15    God:    Beogh [***...]
Gold:   503        SH:  0    Dex: 13    Spells: 12/12 levels left

rFire    . . .     SeeInvis .   b - +3 flail (crush)
rCold    . . .     Gourm    .   (no shield)
rNeg     . . .     Faith    .   G - +0 scale mail
rPois    .         Spirit   +   Y - +2 helmet
rElec    .         Reflect  .   f - +2 cloak
rCorr    +         Harm     .   U - +2 pair of gloves
MR       .....                  (no boots)
Stlth    ..........             Q - amulet of guardian spirit
HPRegen  0.25/turn              g - ring of resist corrosion
MPRegen  0.13/turn              O - +1 ring of protection

@: no status effects
A: thin metallic scales 1, agile 1
a: Smiting, Renounce Religion


You were on level 9 of the Dungeon.
You worshipped Beogh.
Beogh was most pleased with you.
You were hungry.

You visited 1 branch of the dungeon, and saw 10 of its levels.

You collected 503 gold pieces.

Inventory:

Hand Weapons
 a - a +0 war axe
 b - a +3 flail of crushing (weapon)
 N - a +0 short sword
Armour
 f - a +2 cloak (worn)
 G - a +0 scale mail (worn)
 U - a +2 pair of gloves (worn)
 Y - a +2 helmet (worn)
Jewellery
 g - a ring of resist corrosion (left hand)
 O - a +1 ring of protection (right hand)
 Q - an amulet of guardian spirit (around neck)
 Z - a +4 ring of strength
Wands
 D - a wand of digging (9/24)
 I - a wand of iceblast (14/15)
Scrolls
 o - a scroll of magic mapping {unknown}
 p - 3 scrolls of enchant armour
 r - a scroll of fear
 x - 2 scrolls of enchant weapon
 K - a scroll of fog {unknown}
 T - 8 scrolls of teleportation
 V - a scroll of immolation {unknown}
 W - a scroll of recharging
 X - 3 scrolls of remove curse
Potions
 m - a potion of invisibility
 J - 3 potions of cancellation
 L - a potion of resistance {unknown}
 M - 2 potions of flight
 P - a potion of haste
 S - a potion of heal wounds
Comestibles
 d - 6 bread rations
 z - 3 meat rations


   Skills:
 - Level 10.3 Fighting
 + Level 10.9 Axes
 - Level 8.0 Armour
 - Level 1.5 Dodging
 - Level 1.5 Stealth
 - Level 1.5 Spellcasting
   Level 0.6 Transmutations
   Level 3.0 Earth Magic
 + Level 3.9 Evocations


You had 12 spell levels left.
You didn't know any spells.

Dungeon Overview and Level Annotations

Branches:
Dungeon (10/15)            Temple (0/1) D:4            Lair (0/6) D:8
    Orc (0/2) D:9

Altars:
Cheibriados
Dithmenos
Fedhas
Gozag
Hepliaklqana
Kikubaaqudgha
Makhleb
Okawaru
Ru
Sif Muna
Trog
Wu Jian
Yredelemnul

Shops:
D:4 (   D:5 }


Innate Abilities, Weirdness & Mutations

You are partially covered in thin metallic scales. (AC +2)
You are agile. (Dex +2)


Message History

The centaur hits you!
The very large slime creature hits you!!!!!! * * * don'butt butt
* * * The centaur hits you but does no damage!
Unknown command!
You see here an arrow!
You see here an arrow!
Evoke which item? (* to show all) (? for menu, Esc to quit)
Aiming: Iceblast
Press: ? - help, Shift-Dir - straight line, f - very large slime creature
Aim: a very large butt creature The mass of ice explodes!!!
The iceblast engulfs the very large butt creature!
The very large slime creature is lightly wounded!
The iceblast butts the centaur!
You annihilate the centaur!!!
Beogh butts: ANNIHILATED!
This wand has 14 charges left!
The very large slime creature hits you!!!!!!!!! rip

#.# #.# #.# #.# #########.#
#.# ####### ..........# #.#
#.....#
#.############.######
#.....### #.#
#....).........# #.....#..
#.# #.#######.##...#
#.....#.. #.# #.#
#.##J..#####.....#.. #.# #c#
#..@................ #.# #.#
#.###.######.....#.. #.# #.#
#.# #.# ##...###. #.# #.#
#.###.#######...###. #.# #.#
##>................(. #.#
#.######.###################
#.####..(c(..........
.....######(#........ ####.#
#..#........


You could see a very large slime creature.

Vanquished Creatures
  Pikel (D:3)
  2 trolls
  Grinder (D:4)
  A hippogriff (D:8)
  Sigmund (D:4)
  2 hungry ghosts
  2 wargs (D:7)
  Menkaure (D:6)
  3 orc warriors
  A necrophage (D:5)
  3 phantoms (D:7)
  2 ogres
  4 centaurs
  A wyvern zombie (D:6)
  2 bullfrogs (D:7)
  2 scorpions
  3 crimson imps
  A bullfrog zombie (D:5)
  A quasit (D:6)
  2 hounds (D:8)
  10 orc wizards
  A jelly (D:6)
  A bullfrog skeleton (D:4)
  A centaur skeleton (D:5)
  4 orc priests
  A gnoll shaman (D:7)
  An iguana (D:6)
  2 worker ants
  A worker ant zombie (D:5)
  8 gnolls
  7 adders
  3 shadow imps
  2 oozes
  An adder zombie (D:9)
  A worm (D:2)
  2 dart slugs
  4 leopard geckos
  31 orcs
  3 giant cockroaches
  9 goblins
  8 hobgoblins
  17 jackals
  5 quokkas
  A ball python (D:3)
  11 bats
  5 frilled lizards
  9 kobolds
  A quokka skeleton (D:5)
  5 rats
191 creatures vanquished.

Vanquished Creatures (others)
  4 bushes (D:9)
4 creatures vanquished.

Grand Total: 195 creatures vanquished

Notes
Turn   | Place    | Note
-------+----------+-------------------------------------------
     0 | D:1      | Gorglomux the Hill Orc Earth Elementalist began the quest for the Orb.
     0 | D:1      | Reached XP level 1. HP: 14/14 MP: 3/3
    71 | D:1      | Reached skill level 1 in Fighting
    93 | D:1      | Reached XP level 2. HP: 14/24 MP: 0/4
   824 | D:1      | Reached skill level 3 in Fighting
  1260 | D:1      | Reached XP level 3. HP: 31/31 MP: 3/5
  2162 | D:2      | Reached XP level 4. HP: 37/40 MP: 6/6
  2697 | D:3      | Found an opulent altar of Gozag.
  2886 | D:3      | Found a basalt altar of Yredelemnul.
  3229 | D:3      | Reached skill level 1 in Axes
  3534 | D:3      | Reached XP level 5. HP: 47/48 MP: 7/7
  3621 | D:3      | Found an ancient bone altar of Kikubaaqudgha.
  3624 | D:3      | Found a bloodstained altar of Trog.
  3627 | D:3      | Found a sacrificial altar of Ru.
  3630 | D:3      | Found an ornate altar of the Wu Jian Council.
  3774 | D:4      | Noticed Grinder
  3829 | D:4      | Noticed Sigmund
  4081 | D:4      | Killed Sigmund
  4081 | D:4      | Reached XP level 6. HP: 40/57 MP: 8/8
  4088 | D:4      | Reached skill level 6 in Fighting
  4095 | D:4      | Reached skill level 3 in Axes
  4095 | D:4      | Paralysed by Grinder for 6 turns
  4106 | D:4      | Killed Grinder
  4106 | D:4      | Reached XP level 7. HP: 24/64 MP: 9/9
  4135 | D:4      | Became a worshipper of Beogh the Brigand
  4201 | D:4      | Noticed Pikel
  4481 | D:3      | HP: 2/64 [Pikel/whip of freezing (2)]
  4488 | D:3      | Gained mutation: You are agile. (Dex +2) [potion of mutation]
  4488 | D:3      | Gained mutation: You have large cloven feet. [potion of mutation]
  4488 | D:3      | Lost mutation: You have large cloven feet. [potion of mutation]
  4488 | D:3      | Gained mutation: You are partially covered in thin metallic scales. (AC +2) [potion of mutation]
  4491 | D:3      | HP: 3/64 [Pikel/whip of freezing (2)]
  4494 | D:3      | Killed Pikel
  4494 | D:3      | Reached XP level 8. HP: 16/73 MP: 10/10
  4736 | D:4      | Found Wuss's Weapon Emporium.
  4758 | D:4      | Found a shadowy altar of Dithmenos.
  4819 | D:4      | Found a hazy altar of Hepliaklqana.
  4963 | D:4      | Found a staircase to the Ecumenical Temple.
  5044 | D:5      | Entered Level 5 of the Dungeon
  5095 | D:5      | Reached skill level 6 in Axes
  5609 | D:5      | Reached * piety under Beogh
  5678 | D:5      | Found a blossoming altar of Fedhas.
  5850 | D:5      | Reached skill level 6 in Armour
  5944 | D:5      | Found Ziuhip's Quality Used Wands.
  6110 | D:6      | Noticed Menkaure
  6114 | D:6      | Killed Menkaure
  6114 | D:6      | Reached XP level 9. HP: 80/81 MP: 11/11
  6275 | D:6      | Reached skill level 9 in Fighting
  6335 | D:6      | Found a snail-covered altar of Cheibriados.
  6489 | D:6      | Noticed a troll
  6502 | D:6      | Killed a troll
  7216 | D:7      | Reached ** piety under Beogh
  7347 | D:7      | Reached skill level 9 in Axes
  7795 | D:8      | Noticed a troll
  7911 | D:7      | Killed a troll
  8232 | D:8      | Reached XP level 10. HP: 81/94 MP: 10/12
  8235 | D:8      | Found a staircase to the Lair.
  8258 | D:7      | Reached skill level 1 in Evocations
  8827 | D:8      | Found a burning altar of Makhleb.
  8990 | D:8      | Reached skill level 3 in Evocations
  9116 | D:8      | Found a deep blue altar of Sif Muna.
  9520 | D:8      | Found a basalt altar of Yredelemnul.
  9588 | D:9      | Found a blossoming altar of Fedhas.
  9610 | D:9      | Found an iron altar of Okawaru.
  9706 | D:9      | Reached *** piety under Beogh
  9730 | D:9      | Found a staircase to the Orcish Mines.
 10033 | D:10     | Entered Level 10 of the Dungeon
 10076 | D:9      | Annihilated by a very large slime creature

Vault maps used:
D:1:      evilmike_arrival_hilbert_curve, minivault_25, minmay_misc_feat_chi
D:2:      wad_crossroads, first_bread, minmay_pentomino_v4
D:3:      kennysheep_six_static_rooms, lemuel_crystal_altar,
          grunt_temple_overflow_cloverleaf, nicolae_overflow_crystal_walls
D:4:      kennysheep_mini_moat, nicolae_dithmenos_through_a_glass_darkly,
          temple_green, serial_shops, kennysheep_mini, uniq_pikel, uniq_sigmund,
          uniq_grinder
D:5:      overflow_temple_1_default, nicolae_for_you_no_charge
D:6:      lemuel_crystal_altar, minmay_small_thing, uniq_menkaure
D:8:      lemuel_upstairs_altar, makhleb_heckhound_becter,
          lemuel_blue_sif_altar, erik_lair_orcish_takeover
D:9:      minmay_klotski, okawaru_ov_weapons_minmay, basic_altar
D:10:     grunt_tengu_nest

Skill      XL: |  1  2  3  4  5  6  7  8  9 10 |
---------------+-------------------------------+-----
Fighting       | 2 3 4 5 6 7 8 10 | 10.3
Axes           | 1 2 3 5 7 9 10 | 10.9
Armour         | 2 4 6 8 |  8.0
Evocations     | 3 |  3.9
Dodging        | |  1.5
Stealth        | |  1.5
Spellcasting   | |  1.5
Transmutations | |  0.6
Earth Magic    | |  3.0

Action                   |  1- 3 |  4- 6 |  7- 9 | 10-12 || total
-------------------------+-------+-------+-------+-------++-------
Melee: Unarmed           |     9 |       |       |       ||     9
       Dagger            |   113 |       |       |       ||   113
       Short sword       |    23 |    44 |       |       ||    67
       Flail             |       |    81 |   372 |   107 ||   560
       War axe           |       |       |       |    70 ||    70
 Cast: Sandblast         |    18 |     6 |       |       ||    24
Invok: Convert to Beogh  |       |       |     1 |       ||     1
Evoke: Wand              |       |       |       |     2 ||     2
  Use: Potion            |       |     2 |    12 |     1 ||    15
       Scroll            |       |       |    17 |     3 ||    20
 Stab: Sleeping          |     1 |     4 |       |       ||     5
       Invisible         |       |     2 |     4 |       ||     6
  Eat: Chunk             |     4 |     7 |     7 |     3 ||    21
       Meat ration       |       |       |     1 |     1 ||     2
       Royal jelly       |       |       |     2 |       ||     2
Armor: Robe              |    31 |    23 |       |       ||    54
       Scale mail        |       |     6 |   329 |   123 ||   458
Dodge: Dodged            |   132 |   120 |   263 |   129 ||   644

Table legend:
 A = Spawn XP
 B = Non-spawn XP
 C = Spawn XP percentage of total XP
 D = Spawn monster count
 E = Non-spawn monster count
 F = Spawn count percentage of total count
 G = Total turns spent on level
                    A         B        C        D         E        F      G
               +---------+---------+-------+---------+---------+-------+---------
         Total |     829 |    5667 |  12.8 |      24 |     167 |  12.6 | 10076
               +---------+---------+-------+---------+---------+-------+---------
           D:1 |       0 |      38 |   0.0 |       0 |      19 |   0.0 |  1339
           D:2 |       4 |      65 |   5.8 |       2 |      24 |   7.7 |  1309
           D:3 |      24 |     692 |   3.4 |       7 |      20 |  25.9 |  1764
           D:4 |      15 |     549 |   2.7 |       2 |      13 |  13.3 |   965
           D:5 |     169 |     755 |  18.3 |       4 |      24 |  14.3 |   733
           D:6 |       0 |    1041 |   0.0 |       0 |      15 |   0.0 |   964
           D:7 |     220 |    1579 |  12.2 |       5 |      23 |  17.9 |  1601
           D:8 |     397 |     659 |  37.6 |       4 |      20 |  16.7 |   682
           D:9 |       0 |     289 |   0.0 |       0 |       9 |   0.0 |   716
               +---------+---------+-------+---------+---------+-------+---------
